 Dungeon Sprint DCSS version 0.17.1-3-g152610e (webtiles) character file.

1204 Kokonut the Grappler (level 8, 25/87 HPs)
             Began as a Troll Berserker on Feb 27, 2016.
             Was a Priest of Trog.
             Quit the game in the Dungeon (Sprint I: "Red Sonja").
             The game lasted 00:02:45 (292 turns).

Kokonut the Grappler (Troll Berserker)               Turns: 292, Time: 00:02:46

Health: 25/87      AC:  5    Str: 27    XL:     8   Next: 21%
Magic:  7/7        EV: 12    Int:  3    God:    Trog [***...]
Gold:   297        SH:  0    Dex: 10    Spells: 0 memorised, 7 levels left

rFire  . . .     SeeInvis .       - Unarmed
rCold  . . .     Clarity  .     b - +0 animal skin
rNeg   . . .     SustAt   .     (no shield)
rPois  .         Gourm    +     (helmet restricted)
rElec  .         Spirit   .     (no cloak)
rCorr  .         Warding  .     (gloves unavailable)
rMut   .         NoTele   +     (boots unavailable)
MR     .....                    (no amulet)
Stlth  +.........               (no ring)
                                (no ring)

@: mildly poisoned (25 -> 24), not resistant to hostile enchantments, very
unstealthy
A: unfitting armour, claws 3, fast metabolism 3, gourmand, regeneration 2,
shaggy fur 1, tough skin 2
a: Berserk, Trog's Hand, Burn Spellbooks, Renounce Religion


You were in the Dungeon.
You worshipped Trog.
Trog was most pleased with you.
You were full.

You visited 1 branch You collected 297 gold pieces.

Inventory:

Hand Weapons
 a - a +0 falchion
 l - a +0 shortbow
Missiles
 j - 22 bolts
 m - 17 arrows
Armour
 b - a +0 animal skin (worn)
Scrolls
 i - a scroll of blinking
Potions
 d - a potion of curing
 e - a potion of heal wounds
 f - a potion of haste
 g - 2 potions of magic
 h - a potion of berserk rage
Comestibles
 c - a bread ration
 k - 2 chunks of flesh


   Skills:
 + Level 7.3 Fighting
 + Level 7.3 Long Blades
 + Level 7.3 Dodging
 * Level 11.3 Unarmed Combat


You had 7 spell levels left.
You didn't know any spells.

Dungeon Overview and Level Annotations

Branches:
Dungeon (1/1)

Altars:
Elyvilon
Gozag
Kikubaaqudgha
Makhleb
Nemelex Xobeh
Okawaru
Qazlal
Ru
Sif Muna
Trog
Vehumet
Xom
Yredelemnul
Zin
The Shining One

Shops:
D !

Annotations:
D exclusion: oklob plant


Innate Abilities, Weirdness & Mutations

You are too large for most types of armour.
You have claws for hands.
Your metabolism is lightning-fast.
You like to eat raw meat.
You heal very quickly.
You are covered in fur (AC +1).
You have very tough skin (AC +2).


Message History

A trapdoor spider comes into view.
You continue eating.
You start resting.
Eating one of 3 chunks of flesh.
This raw flesh tastes great.
You continue eating. x2
You feel sick.
There is an open door, spattered with blood here.
You see here a centaur skeleton.
You enter the shallow water.
Moving in this stuff is going to be slow.
You feel sick.
You see here a wasp corpse.
A trapdoor spider leaps out from its hiding place under the floor!
The trapdoor spider bites you! x2
* * * LOW HITPOINT WARNING * * *
Marking area around the oklob plant as unsafe for travelling.
An oklob plant comes into view.
The trapdoor spider closely misses you. x2
You see here 8 gold pieces.
Are you sure you want to abandon this character and quit the game? (Confirm with "yes".)

#############
#..').#..'..#
'..#..').#..+
#####+#####§# ####
####..#...#(####@!#
#__####..##.#§≈≈s.#§
#_..__##'#..§§§≈.§§.
#_.∩...'...§#≈≈§§§#..#
#_..._##_.#+##+#####'#
#_____###+#(#


P'. ####### ### #.# .# You could see an oklob plant and a trapdoor spider.

Vanquished Creatures
  A centaur warrior (D)
  A yak (D)
  Sigmund (D)
  A wasp (D)
  An ogre (D)
  A jelly (D)
  Ijyb (D)
7 creatures vanquished.

Notes
Turn   | Place    | Note
--------------------------------------------------------------
     0 | D        | Kokonut the Troll Berserker began the quest for the Orb.
     0 | D        | Reached XP level 1. HP: 22/22 MP: 0/0
     2 | D        | Noticed Ijyb
    25 | D        | Killed Ijyb
    25 | D        | Reached skill level 3 in Fighting
    25 | D        | Reached XP level 2. HP: 28/31 MP: 1/1
    31 | D        | Noticed an ogre
    37 | D        | Killed an ogre
    37 | D        | Reached ** piety under Trog
    37 | D        | Reached skill level 4 in Fighting
    37 | D        | Reached skill level 5 in Unarmed Combat
    37 | D        | Reached XP level 3. HP: 37/39 MP: 2/2
    37 | D        | Reached XP level 4. HP: 45/48 MP: 3/3
    87 | D        | Noticed Sigmund
    91 | D        | Killed Sigmund
    91 | D        | Reached skill level 5 in Fighting
    91 | D        | Reached skill level 5 in Long Blades
    91 | D        | Reached skill level 5 in Dodging
    91 | D        | Reached skill level 7 in Unarmed Combat
    91 | D        | Reached XP level 5. HP: 57/57 MP: 4/4
    91 | D        | Reached XP level 6. HP: 66/66 MP: 5/5
   143 | D        | Found a deep blue altar of Sif Muna.
   144 | D        | Noticed a jelly
   145 | D        | Found a radiant altar of Vehumet.
   148 | D        | Killed a jelly
   148 | D        | Reached skill level 8 in Unarmed Combat
   173 | D        | Found Fuafiad's Distillery.
   173 | D        | Found a white marble altar of Elyvilon.
   173 | D        | Found a stormy altar of Qazlal.
   173 | D        | Found a burning altar of Makhleb.
   173 | D        | Found a sacrificial altar of Ru.
   173 | D        | Found a basalt altar of Yredelemnul.
   173 | D        | Found a glowing golden altar of the Shining One.
   173 | D        | Found a sparkling altar of Nemelex Xobeh.
   173 | D        | Found a shimmering altar of Xom.
   173 | D        | Found an opulent altar of Gozag.
   173 | D        | Found an ancient bone altar of Kikubaaqudgha.
   173 | D        | Found a glowing silver altar of Zin.
   173 | D        | Noticed a yak
   178 | D        | Killed a yak
   178 | D        | Reached *** piety under Trog
   178 | D        | Reached skill level 9 in Unarmed Combat
   179 | D        | Found an iron altar of Okawaru.
   185 | D        | Found a bloodstained altar of Trog.
   200 | D        | Noticed a centaur warrior
   200 | D        | Noticed a centaur warrior
   215 | D        | Killed a centaur warrior
   215 | D        | Reached skill level 11 in Unarmed Combat
   215 | D        | Reached XP level 7. HP: 69/78 MP: 6/6
   215 | D        | Reached XP level 8. HP: 76/87 MP: 7/7
   262 | D        | Noticed a wasp
   269 | D        | Paralysed by a wasp for 1 turns
   271 | D        | Killed a wasp
   283 | D        | Noticed a trapdoor spider
   291 | D        | Noticed an oklob plant
   292 | D        | Quit the game

Action                   |  1- 3 |  4- 6 |  7- 9 || total
-------------------------+-------+-------+-------++-------
Melee: Unarmed           |    26 |    16 |     8 ||    50
Invok: Berserk           |     1 |     2 |       ||     3
  Eat: Chunk             |       |     1 |     3 ||     4
       Bread ration      |       |       |     1 ||     1
